[Event "ICCopen2016"]
[Site "Internet Chess Club"]
[Date "2016.06.04"]
[Round "10"]
[White "mikado"]
[Black "awesome5123"]
[Result "1-0"]
[ICCResult "Black checkmated"]
[WhiteElo "1980"]
[BlackElo "1639"]
[Opening "English opening"]
[ECO "A20"]
[NIC "EO.24"]
[Time "15:45:16"]
[TimeControl "180+0"]

1. c4 e5 2. g3 Nf6 3. Bg2 d5 4. cxd5 Nxd5 5. Nc3 Nxc3 6. bxc3 Bc5 7. Nf3 Nc6
8. O-O h5 9. Nxe5 Bxf2+ 10. Rxf2 Nxe5 11. Qa4+ Bd7 12. Qe4 Qe7 13. Ba3 Qe6
14. Qxb7 Rc8 15. Rf4 c5 16. Re4 Bc6 17. Rxe5 Bxb7 18. Rxe6+ fxe6 19. Bxb7
Rc7 20. Bf3 Ke7 21. Rb1 Rd8 22. d4 Kf6 23. Bxc5 g6 24. e4 e5 25. dxe5+ Kxe5
26. Bd4+ Ke6 27. Kf2 Rf8 28. Ke3 Rff7 29. Be2 Rb7 30. Bc4+ Kd6 31. e5+ Kc6
32. Rb3 Rfe7 33. Bd3 a5 34. Be4+ Kd7 35. Rxb7+ Ke6 36. Bd5+ Kf5 37. Rxe7 h4
38. Kf3 hxg3 39. hxg3 a4 40. Be3 a3 41. Be4# {Black checkmated} 1-0

[Event "ICCopen2016"]
[Site "Internet Chess Club"]
[Date "2016.06.04"]
[Round "10"]
[White "ROWLAND"]
[Black "hgarjur"]
[Result "1-0"]
[ICCResult "Black checkmated"]
[WhiteElo "1594"]
[BlackElo "1809"]
[Opening "Pirc defense"]
[ECO "B07"]
[NIC "PU.04"]
[Time "15:46:38"]
[TimeControl "180+0"]

1. e4 d6 2. d4 Nf6 3. Nc3 g6 4. f3 Bg7 5. Be3 c6 6. Qd2 Nbd7 7. O-O-O Qa5 8.
Kb1 h5 9. h4 b5 10. Nd5 Qxd2 11. Nxf6+ Bxf6 12. Rxd2 a6 13. Nh3 Bb7 14. Nf2
Rc8 15. c3 c5 16. d5 Nb6 17. Bg5 Bg7 18. f4 Rc7 19. f5 O-O 20. Nh3 Re8 21.
Nf4 Kh7 22. fxg6+ fxg6 23. Ne6 Rcc8 24. Rf2 Nd7 25. Rf7 Ne5 26. Rxg7+ Kh8
27. Bxe7 Rb8 28. Bf6 Rf8 29. Nxf8 Rxf8 30. Rxb7+ Rxf6 31. Be2 Rf2 32. Rf1
Rxe2 33. Rf8# {Black checkmated} 1-0

[Event "ICCopen2016"]
[Site "Internet Chess Club"]
[Date "2016.06.04"]
[Round "10"]
[White "HuevosDeLeon"]
[Black "Bom182"]
[Result "1-0"]
[ICCResult "Black forfeits on time"]
[WhiteElo "2642"]
[BlackElo "1960"]
[Opening "Queen's pawn, Mason variation"]
[ECO "D00"]
[NIC "QP.08"]
[Time "15:45:01"]
[TimeControl "180+0"]

1. d4 d5 2. Bf4 Nf6 3. e3 c5 4. c3 Nc6 5. Nf3 cxd4 6. exd4 e6 7. Nbd2 Bd6 8.
Bg3 O-O 9. Bd3 a6 10. Ne5 Bxe5 11. dxe5 Nd7 12. Qh5 g6 13. Qe2 b5 14. h4 Qc7
15. Nf3 Nc5 16. Bc2 b4 17. h5 bxc3 18. bxc3 Qa5 19. Qe3 d4 20. Nxd4 Nxd4 21.
Qxd4 Rd8 22. Qe3 Na4 23. hxg6 fxg6 24. Bh4 Rd7 25. Bf6 Bb7 26. O-O Qxc3 27.
Bxa4 Qxe3 28. fxe3 Rd3 29. Bb3 Bd5 30. Bxd5 Rxd5 31. Rab1 Rf8 32. Rb7 Rf7
33. Rb6 Rd3 34. Rxe6 Rxe3 35. Rxa6 Rb7 36. Ra8+ {Black forfeits on time} 1-0

[Event "ICCopen2016"]
[Site "Internet Chess Club"]
[Date "2016.06.04"]
[Round "10"]
[White "SurferRosa"]
[Black "MBJPM"]
[Result "1-0"]
[ICCResult "Black resigns"]
[WhiteElo "2449"]
[BlackElo "1868"]
[Opening "King's Indian: London system"]
[ECO "A48"]
[NIC "QP.03"]
[Time "15:45:09"]
[TimeControl "180+0"]

1. d4 Nf6 2. Nf3 g6 3. Bf4 Bg7 4. e3 O-O 5. h3 d6 6. Nbd2 c6 7. Bd3 b5 8.
O-O Na6 9. c3 Nc7 10. Bh2 a5 11. a4 b4 12. cxb4 axb4 13. Nc4 Ba6 14. Qe2 Nd7
15. Rfc1 b3 16. Ncd2 Bxd3 17. Qxd3 Rb8 18. Rxc6 Nd5 19. Rcc1 Qb6 20. a5 Qb7
21. a6 Qb6 22. a7 Ra8 23. Qxb3 Rxa7 24. Qxb6 Rxa1 25. Qc6 Nb4 26. Qc4 d5 27.
Qf1 Rxc1 28. Qxc1 Nf6 29. g4 Ne4 30. Nxe4 dxe4 31. Ne5 Nd5 32. Qc5 e6 33.
Nc6 Bf6 34. Kg2 h6 35. b4 Kh7 36. b5 Rc8 37. Qa7 Kg7 38. Be5 Bxe5 39. Nxe5
Rc7 40. Qxc7 Nxc7 41. b6 Na6 42. Nc6 Kf6 43. b7 Kg5 44. Kg3 f5 45. h4+ Kf6
46. b8=Q Nxb8 47. Nxb8 e5 48. Nd7+ Ke6 49. Nxe5 {Black resigns} 1-0

[Event "ICCopen2016"]
[Site "Internet Chess Club"]
[Date "2016.06.04"]
[Round "10"]
[White "zloco"]
[Black "ajedrezlento"]
[Result "1-0"]
[ICCResult "Black resigns"]
[WhiteElo "2338"]
[BlackElo "1898"]
[Opening "Réti opening"]
[ECO "A04"]
[NIC "QP.11"]
[Time "15:45:50"]
[TimeControl "180+0"]

1. Nf3 a5 2. g3 g6 3. d4 Bg7 4. c4 d6 5. Bg2 Nd7 6. O-O e5 7. Nc3 Ngf6 8. h3
O-O 9. e4 Re8 10. Re1 c6 11. Be3 exd4 12. Nxd4 Nc5 13. Qc2 a4 14. Rad1 Qa5
15. a3 Qa6 16. Nde2 Qxc4 17. Rxd6 Ncxe4 18. Rd4 Qa6 19. Nxe4 Bf5 20. Nxf6+
Bxf6 21. Qd2 Bxd4 22. Nxd4 Qd3 23. Nxf5 Qxf5 24. Qb4 Qd7 25. h4 Rad8 26. h5
b5 27. h6 Qd6 28. Qc3 Qe5 29. Rc1 Qxc3 30. Rxc3 Re6 31. Bxc6 Rc8 32. Bxb5
Rxc3 33. bxc3 Kf8 34. Bxa4 Ra6 35. Bb5 Ra7 36. Bxa7 {Black resigns} 1-0

[Event "ICCopen2016"]
[Site "Internet Chess Club"]
[Date "2016.06.04"]
[Round "10"]
[White "manta2"]
[Black "hipopotamos"]
[Result "1-0"]
[ICCResult "Black checkmated"]
[WhiteElo "1140"]
[BlackElo "1073"]
[Opening "QGA, 4.Nc3"]
[ECO "D24"]
[NIC "QG.03"]
[Time "15:46:18"]
[TimeControl "180+0"]

1. d4 d5 2. c4 dxc4 3. Nc3 Nf6 4. Nf3 Nc6 5. e3 Bg4 6. Bxc4 e6 7. h3 Bh5 8.
g4 Bg6 9. O-O Bd6 10. d5 exd5 11. Nxd5 Nxd5 12. Bxd5 O-O 13. Qb3 Rb8 14. Bd2
Qe7 15. Rae1 Be4 16. Bxe4 Qxe4 17. Ng5 Qe5 18. f4 Qe7 19. Qd3 Rbd8 20. Qxh7#
{Black checkmated}
1-0

[Event "ICCopen2016"]
[Site "Internet Chess Club"]
[Date "2016.06.04"]
[Round "10"]
[White "chapeau"]
[Black "muhit"]
[Result "0-1"]
[ICCResult "White forfeits on time"]
[WhiteElo "1339"]
[BlackElo "1770"]
[Opening "French: Steinitz variation"]
[ECO "C11"]
[NIC "QP.07"]
[Time "15:46:02"]
[TimeControl "180+0"]

1. d4 Nf6 2. e4 e6 3. Nc3 d5 4. e5 Nfd7 5. f4 c5 6. Nf3 Nc6 7. Bd3 Qb6 8.
O-O cxd4 9. Ne2 a5 10. Ng5 h6 11. Nh3 Nc5 12. Ng3 Bd7 13. f5 O-O-O 14. Be2
Ne4 15. Nxe4 dxe4 16. fxe6 Bxe6 17. Nf4 d3+ 18. Kh1 dxe2 19. Qxe2 Bf5 20.
Be3 Bc5 21. Bxc5 Qxc5 22. Rad1 g6 23. a3 Nxe5 24. b4 axb4 25. axb4 Qc4 26.
Qf3 exf3 27. gxf3 Rxd1 28. Rxd1 Qxf4 29. Rb1 Qxf3+ 30. Kg1 Bh3
{White forfeits on time}
0-1

[Event "ICCopen2016"]
[Site "Internet Chess Club"]
[Date "2016.06.04"]
[Round "10"]
[White "VerdeNotte"]
[Black "TrendFriend"]
[Result "1-0"]
[ICCResult "Black resigns"]
[WhiteElo "2801"]
[BlackElo "2506"]
[Opening "Anderssen's opening"]
[ECO "A00"]
[NIC "VO.14"]
[Time "15:45:25"]
[TimeControl "180+0"]

1. a3 Nf6 2. e3 g6 3. g4 Bg7 4. g5 Nd5 5. c4 Nb6 6. c5 Nd5 7. e4 Nf4 8. d4
Ne6 9. Be3 d6 10. cxd6 exd6 11. Nc3 Nxg5 12. h4 Ne6 13. h5 Nd7 14. Nf3 Nf6
15. hxg6 hxg6 16. Rxh8+ Bxh8 17. d5 Nc5 18. e5 Nfe4 19. Nxe4 Nxe4 20. Qa4+
Kf8 21. Qxe4 Bf5 22. Qh4 Qxh4 23. Nxh4 Be4 24. Rc1 Bxe5 25. Rxc7 Bxd5 26.
Bg2 Bxg2 27. Nxg2 Bxb2 28. Rxb7 Bxa3 29. Bxa7 Bc5 30. Bxc5 dxc5 31. Ne3 Kg7
32. Rc7 Ra5 33. Nc4 Ra4 34. Rxc5 Kf6 35. Ke2 Ke6 36. Ke3 Ra6 37. Ne5 Kf6 38.
Rc6+ Rxc6 39. Nxc6 Kf5 40. Ne7+ Kg4 41. Ke4 f5+ 42. Ke3 g5 43. Ng6 Kh3 44.
Ne7 Kg4 45. f3+ Kh4 46. Nxf5+ Kh3 47. Nh6 g4 48. Nxg4 {Black resigns} 1-0

[Event "ICCopen2016"]
[Site "Internet Chess Club"]
[Date "2016.06.04"]
[Round "10"]
[White "TitanRivas"]
[Black "Shafkat"]
[Result "1-0"]
[ICCResult "Black resigns"]
[WhiteElo "1830"]
[BlackElo "1633"]
[Opening "Ruy Lopez: Schliemann defense, Berger variation"]
[ECO "C63"]
[NIC "RL.06"]
[Time "15:45:35"]
[TimeControl "180+0"]

1. e4 e5 2. Nf3 Nc6 3. Bb5 f5 4. Nc3 fxe4 5. Nxe4 d5 6. Nxe5 dxe4 7. Nxc6
Qg5 8. Nd4+ c6 9. Bf1 Nf6 10. d3 Qe5 11. Ne2 Bg4 12. d4 Qe6 13. h3 Bxe2 14.
Bxe2 O-O-O 15. O-O Kb8 16. Be3 Bd6 17. c3 h5 18. Qb3 Qxb3 19. axb3 a6 20. b4
Rhg8 21. Rae1 g5 22. f3 exf3 23. Bxf3 Nd5 24. Bxd5 cxd5 25. Rf7 Rdf8 26.
Ref1 Rxf7 27. Rxf7 Bg3 28. Bf2 h4 29. Bxg3+ hxg3 30. Rf3 Re8 31. Rxg3 Re1+
32. Kf2 Rb1 33. Rxg5 Rxb2+ 34. Kf3 Rb3 35. Rxd5 Rxc3+ 36. Kf4 Rc4 37. h4
Rxb4 38. h5 Rb6 39. g4 Rc6 40. g5 b5 41. h6 Rc7 42. g6 b4 43. h7 Rc8 44. g7
b3 45. g8=Q b2 46. Qxc8+ Kxc8 47. h8=Q+ Kc7 48. Qe5+ {Black resigns} 1-0

[Event "ICCopen2016"]
[Site "Internet Chess Club"]
[Date "2016.06.04"]
[Round "10"]
[White "Speiretti"]
[Black "anitak"]
[Result "0-1"]
[ICCResult "White checkmated"]
[WhiteElo "1797"]
[BlackElo "2086"]
[Opening "QGD: 4.Nf3"]
[ECO "D37"]
[NIC "QO.16"]
[Time "15:45:29"]
[TimeControl "180+0"]

1. d4 d5 2. c4 e6 3. Nc3 Nf6 4. Nf3 Be7 5. Bg5 Nbd7 6. e3 c6 7. cxd5 exd5 8.
Bd3 O-O 9. Qc2 h6 10. Bf4 Nb6 11. Ne5 Nfd7 12. O-O-O Nxe5 13. dxe5 Be6 14.
f3 c5 15. h4 c4 16. Bh7+ Kh8 17. g4 Rc8 18. g5 h5 19. g6 f6 20. Rdg1 fxe5
21. Bxe5 Bf6 22. Bf4 d4 23. Ne4 d3 24. Qg2 c3 25. b3 Qe7 26. Bg5 Qa3+ 27.
Kd1 c2+ 28. Ke1 c1=Q+ 29. Kf2 Qcb2+ 30. Kg3 Bxg5 31. hxg5 Bg4 32. fxg4 Qe5+
33. Kh3 Qae7 34. gxh5 Qxe4 35. Qg3 Qxe3 36. h6 Rf3 37. hxg7+ Kxg7 38. Rh2
Q7xg5 39. Rhg2 Rc3 40. Kh2 Qh6+ 41. Qh4 Qxh4# {White checkmated} 0-1

[Event "ICCopen2016"]
[Site "Internet Chess Club"]
[Date "2016.06.04"]
[Round "10"]
[White "supermouse"]
[Black "Art"]
[Result "1-0"]
[ICCResult "Black forfeits on time"]
[WhiteElo "2676"]
[BlackElo "2202"]
[Opening "Queen's pawn"]
[ECO "A40"]
[NIC "QO.17"]
[Time "15:45:16"]
[TimeControl "180+0"]

1. d4 c6 2. Nf3 d5 3. g3 Nf6 4. Bg2 Bg4 5. O-O Nbd7 6. Nc3 e6 7. Re1 Be7 8.
e4 dxe4 9. Nxe4 Nxe4 10. Rxe4 Bxf3 11. Bxf3 O-O 12. c3 Qa5 13. Bf4 Rfe8 14.
Qb3 Qb6 15. Qc2 Nf8 16. h4 Ng6 17. Be3 h6 18. d5 Bc5 19. dxe6 Bxe3 20. Rxe3
Nh8 21. Rae1 fxe6 22. Rxe6 Rxe6 23. Rxe6 Rf8 24. Bd5 Qc5 25. Bb3 Nf7 26. Qg6
Kh8 27. Bc2 Ng5 28. Re2 Rxf2 29. Rxf2 Nh3+ 30. Kg2 Qxf2+ 31. Kxh3 Qf1+ 32.
Kg4 Qe2+ 33. Kf4 Qd2+ 34. Kf3 Qd5+ 35. Qe4 {Black forfeits on time} 1-0

[Event "ICCopen2016"]
[Site "Internet Chess Club"]
[Date "2016.06.04"]
[Round "10"]
[White "khekhm"]
[Black "Bozhenka"]
[Result "0-1"]
[ICCResult "White resigns"]
[WhiteElo "2598"]
[BlackElo "2932"]
[Opening "Sicilian: Najdorf, 6.Bg5"]
[ECO "B94"]
[NIC "SI.04"]
[Time "15:44:58"]
[TimeControl "180+0"]

1. e4 c5 2. Nf3 d6 3. d4 cxd4 4. Nxd4 Nf6 5. Nc3 a6 6. Bg5 Nbd7 7. f4 Qc7 8.
Qf3 g6 9. O-O-O Bg7 10. Kb1 O-O 11. h4 h6 12. h5 hxg5 13. hxg6 g4 14. Qg3
Nc5 15. Qh4 fxg6 16. Bc4+ e6 17. Qg5 b5 18. Bb3 b4 19. e5 bxc3 20. exd6 Qb6
21. Qxg6 Nxb3 22. axb3 Qxd6 23. Rh4 Rf7 24. Rdh1 Kf8 25. bxc3 Bb7 26. f5 Be4
27. Qg5 exf5 28. Nxf5 Bxf5 29. Qxf5 Rd8 30. Qg5 Qd5 31. Qe3 Ne4 32. c4 Qe5
33. c3 Nxc3+ {White resigns} 0-1

[Event "ICCopen2016"]
[Site "Internet Chess Club"]
[Date "2016.06.04"]
[Round "10"]
[White "MasterZachary"]
[Black "ncc-1701"]
[Result "1-0"]
[ICCResult "Black forfeits on time"]
[WhiteElo "2150"]
[BlackElo "1941"]
[Opening "Sicilian: dragon, Yugoslav attack, 7...O-O"]
[ECO "B76"]
[NIC "SI.17"]
[Time "15:44:59"]
[TimeControl "180+0"]

1. e4 c5 2. Nf3 d6 3. d4 cxd4 4. Nxd4 Nf6 5. Nc3 g6 6. Be3 Bg7 7. f3 O-O 8.
Qd2 Nc6 9. g4 Bxg4 10. fxg4 Nxg4 11. Nb3 Nce5 12. O-O-O Rc8 13. h3 Nf3 14.
Qe2 Nge5 15. Nd4 Nxd4 16. Bxd4 Qa5 17. Kb1 a6 18. Nd5 Qd8 19. h4 e6 20. Nb6
Rc6 21. Bxe5 Bxe5 22. Nc4 Bg7 23. h5 Qf6 24. e5 dxe5 25. Nxe5 Qxe5 26. Qxe5
Bxe5 27. Rd7 Rfc8 28. Bd3 R6c7 29. Rxc7 Rxc7 30. Rd1 g5 31. h6 f5 32. b3 Kf7
33. Bc4 Kf6 34. Rd8 g4 35. Rf8+ Rf7 36. Rg8 Bf4 37. Re8 g3 38. Rxe6+ Kg5 39.
Re8 Kg4 40. Bxf7 g2 41. Rg8+ Bg5 42. Kb2 g1=Q 43. Rc8 Bf6+ 44. c3 Qf2+ 45.
Ka3 Qb6 46. Rc4+ {Black forfeits on time} 1-0

[Event "ICCopen2016"]
[Site "Internet Chess Club"]
[Date "2016.06.04"]
[Round "10"]
[White "majasystem"]
[Black "Lucas"]
[Result "0-1"]
[ICCResult "White checkmated"]
[WhiteElo "2171"]
[BlackElo "2326"]
[Opening "Alekhine's defense: Maróczy variation"]
[ECO "B02"]
[NIC "AL.10"]
[Time "15:46:09"]
[TimeControl "180+0"]

1. e4 Nf6 2. d3 d5 3. Nd2 dxe4 4. dxe4 g6 5. Bc4 Bg7 6. e5 Ng4 7. e6 Ne5 8.
exf7+ Kf8 9. Bb3 Nbc6 10. Ngf3 Bg4 11. h3 Bxf3 12. gxf3 Nd4 13. f4 Nxf7 14.
Bc4 Nd6 15. Bd5 c6 16. Bg2 N6f5 17. c3 Ne6 18. O-O Nxf4 19. Qf3 Nxg2 20.
Qxg2 Kf7 21. Nf3 Rf8 22. Ng5+ Kg8 23. Bf4 Qd7 24. Rad1 Qc8 25. Rfe1 e5 26.
Bxe5 Nh4 27. Qg4 Qxg4+ 28. hxg4 Bxe5 29. Rd7 Bf6 30. Ne6 Nf3+ 31. Kf1 Nxe1
32. Nxf8 Rxf8 33. Kxe1 Rf7 34. Rd6 Bh4 35. Rd8+ Bxd8 36. Ke2 Bb6 37. f3 Re7+
38. Kd3 Re3+ 39. Kc4 Rxf3 40. b4 Rf4+ 41. Kb3 Rxg4 42. a4 h5 43. a5 h4 44.
axb6 axb6 45. b5 h3 46. bxc6 bxc6 47. c4 h2 48. c5 h1=Q 49. Ka3 Qh3+ 50. Kb2
Rg2+ 51. Kc1 Qh1# {White checkmated} 0-1

[Event "ICCopen2016"]
[Site "Internet Chess Club"]
[Date "2016.06.04"]
[Round "10"]
[White "ALexiz"]
[Black "DaveyJones"]
[Result "1-0"]
[ICCResult "Black forfeits on time"]
[WhiteElo "1815"]
[BlackElo "1532"]
[Opening "Dutch defense"]
[ECO "A87"]
[NIC "HD.06"]
[Time "15:45:22"]
[TimeControl "180+0"]

1. d4 f5 2. g3 g6 3. Bg2 Bg7 4. Nf3 Nf6 5. O-O d6 6. c4 O-O 7. Nc3 Qe8 8.
Qb3 a5 9. c5+ d5 10. Nxd5 Nxd5 11. Qxd5+ e6 12. Qb3 a4 13. Qc4 b6 14. cxb6
Ba6 15. Qc2 cxb6 16. Re1 Ra7 17. e4 Qc8 18. Qxc8 Rxc8 19. exf5 exf5 20. Bf4
Nc6 21. Be5 Nxe5 22. dxe5 Re7 23. b3 a3 24. Rac1 Rxc1 25. Rxc1 Bxe5 26. Nxe5
Rxe5 27. Bf1 Bxf1 28. Kxf1 b5 29. b4 Re4 30. Rc3 Rxb4 31. Rxa3 Rb2 32. Ra7
b4 33. h4 h6 34. Kg2 b3 35. axb3 Rxb3 36. Rc7 Ra3 37. Rb7 Rc3 38. f4 Kh8 39.
Kh3 Rd3 40. h5 gxh5 41. Kh4 Re3 42. Kxh5 Rxg3 43. Kxh6 Rh3+ 44. Kg6 Rg3+ 45.
Kxf5 Kg8 46. Kf6 Rf3 47. f5 Rc3 48. Kg6 Rc6+ 49. f6 Rc8 50. Rg7+ Kh8 51.
Rh7+ Kg8 52. Kh6 Rc6 53. Rg7+ Kh8 54. Kg6 Rd6 55. Re7 Rd8 56. f7 Rd6+ 57.
Kf5 Rd5+ 58. Ke6 Rd8 59. Re8+ Rxe8+ 60. fxe8=Q+ Kg7 61. Qf7+
{Black forfeits on time}
1-0

[Event "ICCopen2016"]
[Site "Internet Chess Club"]
[Date "2016.06.04"]
[Round "10"]
[White "Jbob"]
[Black "kingsac"]
[Result "0-1"]
[ICCResult "White checkmated"]
[WhiteElo "1585"]
[BlackElo "1778"]
[Opening "Sicilian: Flohr variation"]
[ECO "B32"]
[NIC "SI.32"]
[Time "15:45:37"]
[TimeControl "180+0"]

1. e4 c5 2. Nf3 Nc6 3. d4 cxd4 4. Nxd4 Qc7 5. c4 Qe5 6. Be3 Qxe4 7. Nc3 Qe5
8. Be2 e6 9. O-O a6 10. Rc1 Nf6 11. Nf3 Qb8 12. Re1 Ng4 13. Bd2 Nd4 14. h3
Nxf3+ 15. Bxf3 Qh2+ 16. Kf1 Nf6 17. Bg5 Bb4 18. Re3 Qh1+ 19. Ke2 Qxd1+ 20.
Rxd1 h6 21. Bxf6 gxf6 22. Ne4 Ke7 23. a3 Ba5 24. b4 Bc7 25. c5 Rb8 26. Nc3
b6 27. Nd5+ Kd8 28. Nxf6 bxc5 29. bxc5 Rb2+ 30. Kf1 a5 31. c6 d5 32. Nxd5
Ba6+ 33. Kg1 exd5 34. Bxd5 Kc8 35. Bxf7 Rf8 36. Be6+ Kb8 37. g3 Rfxf2 38.
Rb3+ Rxb3 39. Bxb3 Bxg3 40. Rd8+ Kc7 41. Rd7+ Kxc6 42. Rg7 Rf3 43. Kg2 Rxb3
44. Rxg3 Rxg3+ 45. Kxg3 Be2 46. Kf2 Bh5 47. Kg3 Kb5 48. Kh4 Bg6 49. Kg4 Ka4
50. h4 Kxa3 51. h5 Bd3 52. Kf4 Kb2 53. Ke5 a4 54. Kf6 Be2 55. Kg7 Bxh5 56.
Kxh6 Be2 57. Kg5 a3 58. Kf4 a2 59. Ke3 Bb5 60. Kd4 a1=Q 61. Kc5 Qa5 62. Kd6
Bc4 63. Ke7 Qb6 64. Kd7 Kc3 65. Ke7 Kd4 66. Kd7 Ke5 67. Ke7 Qc7+ 68. Kf8
Qf7# {White checkmated} 0-1

[Event "ICCopen2016"]
[Site "Internet Chess Club"]
[Date "2016.06.04"]
[Round "10"]
[White "mrneale"]
[Black "alexandros"]
[Result "0-1"]
[ICCResult "White forfeits on time"]
[WhiteElo "1245"]
[BlackElo "1613"]
[Opening "Danish gambit: Sorensen defense"]
[ECO "C21"]
[NIC "KP.04"]
[Time "15:45:25"]
[TimeControl "180+0"]

1. e4 e5 2. d4 exd4 3. c3 d5 4. exd5 Qxd5 5. Qxd4 Qxd4 6. cxd4 Nf6 7. Nf3
Nc6 8. Bb5 Bd7 9. O-O O-O-O 10. Bg5 h6 11. Bh4 g5 12. Bg3 Bg7 13. Nc3 Rhe8
14. Rfe1 g4 15. Bxc6 Bxc6 16. Ne5 Rxd4 17. Nxc6 Rxe1+ 18. Rxe1 bxc6 19. Be5
Rb4 20. b3 Kd7 21. Bxf6 Bxf6 22. Ne4 Bg7 23. Nc5+ Kd6 24. Na6 Rd4 25. Kf1 h5
26. Rc1 Rd2 27. a4 Bd4 28. f3 Rf2+ 29. Ke1 Rxg2 30. Rd1 c5 31. Kf1 Rg1+ 32.
Ke2 Rg2+ 33. Kf1 Rxh2 {White forfeits on time} 0-1

[Event "ICCopen2016"]
[Site "Internet Chess Club"]
[Date "2016.06.04"]
[Round "10"]
[White "ramezsamir"]
[Black "YoureFired"]
[Result "1-0"]
[ICCResult "Black resigns"]
[WhiteElo "2135"]
[BlackElo "1850"]
[Opening "Pirc defense"]
[ECO "B07"]
[NIC "PU.04"]
[Time "15:45:31"]
[TimeControl "180+0"]

1. e4 d6 2. d4 Nf6 3. Nc3 g6 4. f3 Bg7 5. Be3 c6 6. Qd2 b5 7. O-O-O b4 8.
Nce2 a5 9. Kb1 O-O 10. Bh6 Nbd7 11. h4 Qb6 12. h5 e5 13. hxg6 fxg6 14. Bxg7
Kxg7 15. Qh6+ Kf7 16. dxe5 dxe5 17. Nc1 Qc5 18. Nb3 Qe7 19. Bc4+ Ke8 20. Nh3
a4 21. Nc1 Nc5 22. Ng5 Be6 23. Nxe6 Nxe6 24. Bxe6 Qxe6 25. Rd2 a3 26. Rhd1
axb2 27. Kxb2 b3 28. cxb3 Qe7 29. Rd6 Nxe4 30. fxe4 Rf2+ 31. R6d2 Qa3+ 32.
Kb1 Rf7 33. Qg5 Rb7 34. Rd8+ Kf7 35. R8d7+ {Black resigns} 1-0

[Event "ICCopen2016"]
[Site "Internet Chess Club"]
[Date "2016.06.04"]
[Round "10"]
[White "hedgie"]
[Black "Peaceful-Death"]
[Result "1-0"]
[ICCResult "Black checkmated"]
[WhiteElo "2028"]
[BlackElo "1782"]
[Opening "Queen's Indian: Petrosian system"]
[ECO "E12"]
[NIC "QI.04"]
[Time "15:46:02"]
[TimeControl "180+0"]

1. d4 Nf6 2. c4 e6 3. Nf3 b6 4. a3 Bb7 5. Nc3 c5 6. Qc2 d5 7. cxd5 Nxd5 8.
e4 Nxc3 9. bxc3 cxd4 10. cxd4 Nd7 11. Bb5 Be7 12. Ne5 Bc8 13. Qa4 O-O 14.
Bxd7 Bxd7 15. Qxd7 Qxd7 16. Nxd7 Bd6 17. Ne5 Bxe5 18. dxe5 Rac8 19. O-O Rc4
20. f3 Rd8 21. Bg5 Rd3 22. Rfd1 Rcd4 23. Rxd3 Rxd3 24. Rc1 h6 25. Rc8+ Kh7
26. Bc1 b5 27. Kf2 a5 28. Ke2 Rb3 29. Rc5 g5 30. a4 bxa4 31. Rxa5 Rb1 32.
Bd2 Ra1 33. Ra7 a3 34. Rxf7+ Kg6 35. Rf6+ Kg7 36. Rxe6 a2 37. Ra6 Rg1 38.
Rxa2 Rxg2+ 39. Ke3 Rxh2 40. Ra6 h5 41. Bc3 h4 42. e6+ Kf8 43. Bf6 h3 44.
Ra8# {Black checkmated} 1-0

[Event "ICCopen2016"]
[Site "Internet Chess Club"]
[Date "2016.06.04"]
[Round "10"]
[White "TZ700A"]
[Black "saira"]
[Result "0-1"]
[ICCResult "White resigns"]
[WhiteElo "1374"]
[BlackElo "1784"]
[Opening "Giuoco Piano: four knights variation"]
[ECO "C55"]
[NIC "IG.01"]
[Time "15:45:24"]
[TimeControl "180+0"]

1. e4 e5 2. Nf3 Nc6 3. Bc4 Nf6 4. Nc3 Bc5 5. O-O d6 6. h3 a6 7. a4 Be6 8.
Bxe6 fxe6 9. d3 Qe7 10. Bg5 O-O 11. Ne2 h6 12. Be3 Qf7 13. Bxc5 dxc5 14. c3
Nh5 15. Nh4 Rad8 16. Ng3 Nf4 17. Nf3 Nxd3 18. Qe2 Nf4 19. Qc4 Nxh3+ 20. gxh3
Qxf3 21. b4 cxb4 22. cxb4 Nd4 23. Rad1 Rf6 24. Rd2 Rg6 25. Rfd1 Rf8 26. Qd3
Qxd3 27. Rxd3 Rgf6 28. R1d2 b6 29. a5 b5 30. Nf1 Nf3+ 31. Rxf3 Rxf3 32. Rd7
Rxf2 33. Rxc7 Rxf1+ {White resigns} 0-1

[Event "ICCopen2016"]
[Site "Internet Chess Club"]
[Date "2016.06.04"]
[Round "10"]
[White "JohnnieW"]
[Black "FootDoc"]
[Result "0-1"]
[ICCResult "White checkmated"]
[WhiteElo "1980"]
[BlackElo "1657"]
[Opening "Queen's pawn: Charlick (Englund) gambit"]
[ECO "A40"]
[NIC "QO.17"]
[Time "15:44:55"]
[TimeControl "180+0"]

1. d4 e5 2. a3 exd4 3. Qxd4 Nc6 4. Qa4 Nf6 5. Nf3 Bc5 6. Nc3 O-O 7. Bg5 h6
8. Bh4 d5 9. O-O-O Be6 10. e4 d4 11. e5 g5 12. exf6 gxh4 13. Ne4 Bb6 14. Bc4
Bf5 15. Rhe1 Bxe4 16. Rxe4 Qxf6 17. Bd5 Rae8 18. Bxc6 bxc6 19. Rxh4 Re5 20.
Nxe5 Qxh4 21. g3 Qxh2 22. Ng4 Qh3 23. Nf6+ Kg7 24. Qxc6 Qe6 25. Qf3 Qxf6 26.
Qg2 Re8 27. Rh1 Re2 28. Qd5 Rxf2 29. Kb1 Rf1+ 30. Rxf1 Qxf1+ 31. Ka2 Qf6 32.
b3 Qe6 33. Qf3 Qf6 34. Qg4+ Qg6 35. Qf3 h5 36. Qg2 Kh6 37. g4 Qxg4 38. Qh2
Qg6 39. a4 d3 40. cxd3 Qxd3 41. a5 Bd4 42. Qf4+ Kg6 43. Qg3+ Kh7 44. Qe3
Qxe3 45. b4 Qc3 46. a6 Qb2# {White checkmated} 0-1

[Event "ICCopen2016"]
[Site "Internet Chess Club"]
[Date "2016.06.04"]
[Round "10"]
[White "Eros"]
[Black "B-Amin"]
[Result "0-1"]
[ICCResult "White checkmated"]
[WhiteElo "2744"]
[BlackElo "2944"]
[Opening "Ruy Lopez: closed, Breyer, Borisenko variation"]
[ECO "C95"]
[NIC "RL.25"]
[Time "15:45:47"]
[TimeControl "180+0"]

1. e4 e5 2. Nf3 Nc6 3. Bb5 a6 4. Ba4 Nf6 5. O-O Be7 6. Re1 b5 7. Bb3 d6 8.
c3 O-O 9. h3 Nb8 10. d4 Nbd7 11. Nbd2 Bb7 12. Bc2 Re8 13. a4 Bf8 14. Bd3 b4
15. a5 d5 16. exd5 exd4 17. Rxe8 Qxe8 18. c4 Nc5 19. Nb3 Nxd3 20. Qxd3 c5
21. Bf4 Rc8 22. Re1 Qa4 23. Be5 Nd7 24. Ng5 g6 25. Qf3 Nxe5 26. Rxe5 Qd7 27.
Ne4 Bg7 28. Nf6+ Bxf6 29. Qxf6 Rc7 30. d6 Qc6 31. Re7 Qxg2# {White
checkmated} 0-1

[Event "ICCopen2016"]
[Site "Internet Chess Club"]
[Date "2016.06.04"]
[Round "10"]
[White "bladerunner020"]
[Black "Elcid"]
[Result "0-1"]
[ICCResult "White forfeits on time"]
[WhiteElo "1253"]
[BlackElo "1156"]
[Opening "Queen's pawn game"]
[ECO "A46"]
[NIC "QP.05"]
[Time "15:44:57"]
[TimeControl "180+0"]

1. Nf3 Nf6 2. d4 e6 3. Bf4 d5 4. h3 c5 5. c3 Qb6 6. Qc1 Nc6 7. dxc5 Bxc5 8.
e3 O-O 9. Bd3 Re8 10. O-O e5 11. Bxh7+ Kxh7 12. Bg3 Nh5 13. Ng5+ Kg8 14. Bh2
f6 15. Nf3 Bf5 16. Nbd2 g5 17. Nb3 Bd6 18. g4 Be4 19. Nxg5 fxg5 20. gxh5 Bd3
21. Re1 Qc7 22. Qd2 e4 23. Bxd6 Qxd6 24. Nd4 Ne5 25. Nf5 Qf6 26. Qd1 Qxf5
27. Kh1 Rf8 28. Rg1 Nf3 29. Rg3 Rae8 30. Qb3 Nh4 31. Rf1 Bxf1
{White forfeits on time}
0-1

[Event "ICCopen2016"]
[Site "Internet Chess Club"]
[Date "2016.06.04"]
[Round "10"]
[White "Kalmyk"]
[Black "chessasuke91"]
[Result "1-0"]
[ICCResult "Black checkmated"]
[WhiteElo "3001"]
[BlackElo "2726"]
[Opening "French: Tarrasch, open variation"]
[ECO "C07"]
[NIC "FR.19"]
[Time "15:46:29"]
[TimeControl "180+0"]

1. e4 e6 2. d4 d5 3. Nd2 c5 4. exd5 Qxd5 5. Ngf3 cxd4 6. Bc4 Qd6 7. O-O Nc6
8. Nb3 Nf6 9. Nbxd4 Nxd4 10. Nxd4 a6 11. Re1 Qc7 12. Qe2 Bd7 13. Bg5 O-O-O
14. a4 Kb8 15. c3 Bd6 16. h3 h6 17. Be3 e5 18. Nc2 Bc6 19. a5 Rc8 20. Bb6
Qe7 21. Ne3 g6 22. b4 Ne4 23. Rec1 f5 24. b5 axb5 25. Bxb5 Bxb5 26. Qxb5 Qe8
27. Qd3 Qc6 28. a6 Qxb6 29. axb7 Rc6 30. Ra8+ Kxb7 31. Rxh8 Qa6 32. Rb1+ Kc7
33. Rh7+ Kc8 34. Qd5 Bc7 35. Qd7# {Black checkmated} 1-0